 Dungeon Crawl Stone Soup version 0.32-a0-928-g1cae6b7ea0 (webtiles) character file.

Game seed: 6911991963734124519

44 jasper the Ruffian (level 3, -3/31 HPs)
             Began as a Troll Hedge Wizard on Apr 12, 2024.
             Was a High Priest of Ignis.
             Slain by a gnoll
             ... wielding a +0 halberd
              (11 damage)
             ... on level 2 of the Dungeon.
             The game lasted 00:01:31 (589 turns).

jasper the Ruffian (Troll Hedge Wizard)              Turns: 589, Time: 00:01:31

Health: -3/31      AC:  4    Str: 20    XL:     3   Next: 41%
Magic:  5/5        EV:  8    Int: 10    God:    Ignis [*****.]
Gold:   55         SH:  0    Dex:  9    Spells: 5/6 levels left

rFire   + .          .
                       - Unarmed
rCold   . . .        (no shield)
rNeg    . . .        b - +0 robe
rPois   .            c - +0 hat
rElec   .            (no cloak)
rCorr   .            (gloves unavailable)
SInv    .            (boots unavailable)
Will    .....        (no amulet)
Stlth   +            (no ring)
HPRegen 1.05/turn    (no ring)
MPRegen 0.09/turn

%: no passive effects
@: no status effects
A: large, unfitting armour, claws 3, regeneration 1, shaggy fur 1, tough skin 1
a: Renounce Religion, Fiery Armour, Foxfire Swarm, Rising Flame


You were on level 2 of the Dungeon.
You worshipped Ignis.
Ignis was extremely pleased with you.
You visited 1 branch of the dungeon, and saw 2 of its levels.

You collected 55 gold pieces.

Inventory:

Hand Weapons
 a - a +0 dagger
Armour
 b - a +0 robe (worn)
 c - a +0 hat (worn)
Scrolls
 e - a scroll of fog {unknown}
 f - a scroll of immolation {unknown}
 h - a scroll of teleportation {unknown}
 i - 2 scrolls of identify {unknown}
Potions
 d - a potion of magic
 g - a potion of heal wounds {unknown}
 j - a potion of brilliance {unknown}


   Skills:
 - Level 1.5 Dodging
 - Level 1.0 Stealth
 + Level 3.1 Unarmed Combat
 - Level 2.0 Spellcasting
 - Level 0.6 Conjurations
 - Level 0.6 Summonings
 - Level 0.6 Translocations


You had 5 spell levels left.
You knew the following spells:

 Your Spells              Type           Power      Damage    Failure   Level
a - Magic Dart            Conj           8%         1d3       24%         1

Your spell library contained the following spells:

 Spells                   Type           Power      Damage    Failure   Level
 Apportation              Tloc           4%         N/A       24%         1
 Summon Small Mammal      Summ           8%         N/A       24%         1
 Sting                    Conj/Alch      4%         1d3       28%         1
 Necrotise                Necr           4%         1d4       30%         1
 Slow                     Hex            4%         N/A       30%         1
 Blink                    Tloc           4%         N/A       36%         2
 Call Imp                 Summ           4%         N/A       36%         2
 Cigotuvi's Dreadful Rot  Necr/Alch/Air  2%         N/A       43%         2
 Mephitic Cloud           Conj/Alch/Air  1%         N/A       65%         3


Dungeon Overview and Level Annotations

Branches:
Dungeon (2/15)

Altars:
Ignis

Annotations:
D:1 1 transporter


Innate Abilities, Weirdness & Mutations

You are too large for most types of armour.
You have claws for hands.
Your natural rate of healing is unusually fast.
You are covered in fur. (AC +1)
You have tough skin. (AC +1)


Message History

You take 3 damage, and have 26/31 hp.
You claw the hobgoblin!
You kill the hobgoblin!
The goblin shoots a sling bullet.
The sling bullet hits you but does no damage.
The goblin unwields a +0 sling.
The goblin wields a +0 dagger.
The goblin barely misses you.
You see here a hobgoblin corpse.
You regained 2 hp, and now have 28/31 hp.
You scratch the goblin.
The goblin is moderately wounded.
A gnoll comes into view. It is wielding a +0 halberd.
The goblin hits you with a +0 dagger.
You barely miss the goblin.
The goblin is moderately wounded.
The gnoll shouts!
You hear an angry hiss.
The gnoll barely misses you.
An adder comes into view.
The goblin hits you but does no damage.
Okay, then.
The adder hisses angrily.
You claw the goblin!
You kill the goblin!
The gnoll hits you from afar with a +0 halberd!
You take 9 damage, and have 20/31 hp.
MASSIVE DAMAGE!!
You claw the kobold!
You kill the kobold!
The gnoll hits you from afar with a +0 halberd.
You take 5 damage, and have 15/31 hp.
The gnoll attacks as it pursues you! The gnoll barely misses you.
Items here: ))) ††.
The gnoll attacks as it pursues you!
The gnoll hits you from afar with a +0 halberd!
* * * LOW HITPOINT WARNING * * *
You take 11 damage, and have 6/31 hp.
MASSIVE DAMAGE!!
A ball python comes into view.
The gnoll attacks as it pursues you!
The gnoll hits you from afar with a +0 halberd!
You die...
Ignis goes out, and joins you in death.

#..)........
#.$......... ##
#..S....K.... ..
#....g.......
##.#............
................
#........$..
#..###......
#.<@..# ###
#..#..# #.##g.#
#.....#
#....###)# .....
#g# ##### #.#
#S# #.#


You could see 2 gnolls, an adder and a ball python (wandering).

Vanquished Creatures
  A gnoll (D:1)
  A dart slug (D:1)
  4 bats (D:1)
  An endoplasm (D:1)
  5 goblins
  7 hobgoblins
  3 ball pythons (D:1)
  A frilled lizard (D:1)
  5 kobolds
  2 rats (D:1)
30 creatures vanquished.

Notes
Turn   | Place    | Note
-------+----------+-------------------------------------------
     0 | D:1      | jasper the Troll Hedge Wizard began the quest for the Orb.
     0 | D:1      | Reached XP level 1. HP: 16/16 MP: 2/2
    31 | D:1      | Reached skill level 1 in Unarmed Combat
    44 | D:1      | Reached XP level 2. HP: 21/24 MP: 4/4
    97 | D:1      | Reached skill level 2 in Unarmed Combat
   264 | D:1      | Reached XP level 3. HP: 22/31 MP: 2/5
   304 | D:1      | Reached skill level 3 in Unarmed Combat
   520 | D:1      | Found a faded altar of an unknown god.
   528 | D:1      | Prayed at the altar of an unknown god.
   528 | D:1      | Became a worshipper of Ignis, the Dying Flame
   589 | D:2      | Slain by a gnoll

Illustrated notes

Levels and vault maps discovered:
D:1:      spicycebolla_arrival_risky_transporter, layout_rooms,
          ebering_ecumenical_altar_mist, kennysheep_crisscross
D:2:      layout_basic, serial_glass, glass_columns_b, glass_columns_b,
          basic_altar

Skill      XL: |  1  2  3 |
---------------+----------+-----
Unarmed Combat | 1 2 3 |  3.1
Dodging        | |  1.5
Stealth        | |  1.0
Spellcasting   | |  2.0
Conjurations   | |  0.6
Summonings     | |  0.6
Translocations | |  0.6

Action                     || total
---------------------------++-------
  Melee: Unarmed           ||    90
   Cast: Magic Dart        ||     3
 Armour: Robe              ||    92
  Dodge: Dodged            ||    46

Table legend: (Time is in decaauts)
 A = Elapsed time spent in this place.
 B = Non-inter-level travel time spent in this place.
 C = Inter-level travel time spent in this place.
 D = Time resting spent in this place.
 E = Time spent auto-exploring this place.
 F = Levels seen in this place.
 G = Mean time per level.
                   A        B        C        D        E       F      G
               +--------+--------+--------+--------+--------+-----+--------+
         Total |    585 |    551 |     34 |      0 |    322 |   2 |  292.5 |
       Dungeon |    585 |    551 |     34 |      0 |    322 |   2 |  292.5 |
               +--------+--------+--------+--------+--------+-----+--------+

Top non-repeatable levels by time:
     D:1: 561 daAuts
     D:2: 24 daAuts
